 Dungeon Crawl Stone Soup version 0.29-a0-334-gb41bcbb86e (webtiles) character file.

Game seed: 13112896898627748875

81 Cecur the Shield-Bearer (level 4, -5/40 HPs)
             Began as a Minotaur Fighter on Apr 15, 2022.
             Was a Follower of Fedhas.
             Slain by a sky beast (6 damage)
             ... on level 4 of the Dungeon.
             The game lasted 00:03:10 (2452 turns).

Cecur the Shield-Bearer (Minotaur Fighter)          Turns: 2452, Time: 00:03:11

Health: -5/40      AC:  8    Str: 25    XL:     4   Next: 20%
Magic:  3/3        EV:  9    Int:  5    God:    Fedhas [*.....]
Gold:   101        SH:  4    Dex: 10    Spells: 3/3 levels left

rFire   . . .      SeeInvis .   a - +0 war axe
rCold   . . .      Faith    .   c - +0 buckler
rNeg    . . .      Spirit   .   b - +0 scale mail
rPois   .          Reflect  .   (helmet restricted)
rElec   .          Harm     .   (no cloak)
rCorr   .          Rampage  .   o - +0 pair of gloves {Str+3}
Will    .....                   (no boots)
Stlth   ..........              (no amulet)
HPRegen 0.13/turn               (no ring)
MPRegen 0.08/turn               (no ring)

@: lethally poisoned (-5 -> -8), weak-willed
A: horns 2, retaliatory headbutt
a: Renounce Religion


You were on level 4 of the Dungeon.
You worshipped Fedhas.
Fedhas was aware of your devotion.
You visited 1 branch of the dungeon, and saw 4 of its levels.

You collected 101 gold pieces.

Inventory:

Hand Weapons
 a - a +0 war axe (weapon)
Armour
 b - a +0 scale mail (worn)
 c - a +0 buckler (worn)
 n - the +1 Delatra's gloves {ID++}
   (You found it on level 2 of the Dungeon)

   It heals its wearer when they drink unknown potions.
   It restores its wearer's MP when they read unknown scrolls.
 o - a +0 pair of gloves of strength (worn)
Jewellery
 p - a ring of ice
 t - a ring of willpower
Scrolls
 g - a scroll of blinking
 k - 2 scrolls of teleportation
Potions
 d - 2 potions of might
 h - a potion of lignification
 i - a potion of haste
 s - a potion of brilliance


   Skills:
 + Level 4.0 Fighting
 + Level 4.0 Axes
 + Level 4.1 Armour
 + Level 0.5 Dodging
 + Level 0.2 Stealth
 + Level 4.3 Shields
 * Level 0.1 Invocations


You had 3 spell levels left.
You didn't know any spells.
Your spell library contained the following spells:

 Spells                   Type           Power      Damage    Failure   Level
 Stone Arrow              Conj/Erth      0%         3d7       99%         3
 Summon Guardian Golem    Hex/Summ       0%         N/A       99%         3
 Animate Armour           Summ/Erth      0%         N/A       100%        4
 Hailstorm                Conj/Ice       0%         3d3       100%        4
 Ice Form                 Ice/Tmut       0%         N/A       100%        4
 Simulacrum               Ice/Necr       0%         N/A       100%        6
 Orb of Destruction       Conj           0%         9d5       100%        7
 Spellforged Servitor     Conj/Summ      0%         N/A       100%        7
 Lehudib's Crystal Spear  Conj/Erth      0%         10d2      100%        8


Dungeon Overview and Level Annotations

Branches:
Dungeon (4/15)
 Temple: D:4-7

Altars:
Elyvilon
Fedhas
Yredelemnul

Shops:
D:4 [


Innate Abilities, Weirdness & Mutations

You have a pair of horns on your head.
You reflexively headbutt those who attack you in melee.


Message History

There is an entrance to an ossuary on this level.
Hurry and find it before the portal is buried!
Found Ahuurghu's Antique Armour Shop.
Found an escape hatch in the ceiling.
Found a stone staircase leading down.
There is a stone staircase leading up here.
The sky beast flickers out of sight!
Deactivating autopickup; reactivate with Ctrl-A.
Found a green potion.
Found a hunting sling.
The scorpion stings you but does no damage.
A sky beast appears from thin air!
Reactivating autopickup.
The sky beast hits you. The sky beast shocks you.
You hit the scorpion.
The scorpion is lightly wounded.
You barely miss the sky beast. The scorpion stings you.
The sky beast flickers out of sight!
Deactivating autopickup; reactivate with Ctrl-A.
Something hits you but does no damage. The scorpion stings you.
You are poisoned.
The scorpion poisons you!
You barely miss the scorpion.
The scorpion is lightly wounded.
You slash something!
You feel very sick. The scorpion stings you. Something hits you.
Something shocks you.
* * * LOW HITPOINT WARNING * * *
You hit the scorpion but do no damage.
The scorpion is lightly wounded.
You miss something.
You feel sick. The scorpion closely misses you. You block something's attack.
The scorpion misses you. Something hits you.
* * * LOW HITPOINT WARNING * * *
Something shocks you.
* * * LOW HITPOINT WARNING * * *
Unknown command.
Something hits you but does no damage.
You feel sick. Something hits you.
* * * LOW HITPOINT WARNING * * *
Something shocks you.
You die...
Fedhas appreciates your contribution to the ecosystem.

#).. #...
..... #....
...... #####
....<.###...##
........8.<.8#
##...s@...##
#.##.8.∩.8#
.......##
.....8.>.8#
...........##
.###......##
##.....#
.....!.


You could see a scorpion.

Vanquished Creatures
  3 adders (D:2)
  2 dart slugs (D:1)
  2 ball pythons (D:1)
  2 bats
  4 endoplasms (D:1)
  A giant cockroach (D:2)
  3 goblins (D:1)
  5 hobgoblins
  7 jackals (D:1)
  7 kobolds
  2 quokkas
  3 frilled lizards
  7 rats
48 creatures vanquished.

Notes
Turn   | Place    | Note
-------+----------+-------------------------------------------
     0 | D:1      | Cecur the Minotaur Fighter began the quest for the Orb.
     0 | D:1      | Reached XP level 1. HP: 19/19 MP: 0/0
    30 | D:1      | Reached XP level 2. HP: 27/27 MP: 1/1
   376 | D:1      | Reached XP level 3. HP: 33/33 MP: 2/2
  1058 | D:2      | Reached XP level 4. HP: 34/40 MP: 3/3
  1240 | D:2      | Found a faded altar of an unknown god.
  1274 | D:2      | Found the +1 Delatra's gloves {ID++}
  1507 | D:2      | Prayed at the altar of an unknown god.
  1507 | D:2      | Became a worshipper of Fedhas Madash
  1507 | D:2      | Reached * piety under Fedhas
  1870 | D:3      | Found a white marble altar of Elyvilon.
  1928 | D:3      | Found a basalt altar of Yredelemnul.
  2444 | D:4      | Noticed a sky beast
  2444 | D:4      | Noticed a scorpion
  2444 | D:4      | Found Ahuurghu's Antique Armour Shop.
  2452 | D:4      | HP: 1/40 [something (4)]
  2452 | D:4      | Slain by a sky beast

Illustrated notes

Levels and vault maps discovered:
D:1:      psy_arrival_terrarium, layout_basic, skrybe_limestone_x
D:2:      layout_basic, chequers_ecumenical_altar_grove
D:3:      layout_basic, kennysheep_ying_yang
D:4:      layout_cave_pools, grunt_temple_overflow_open, enter_ossuary_3,
          nicolae_stop_n_shop_2, kennysheep_orc_chapel

Skill      XL: |  1  2  3  4 |
---------------+-------------+-----
Shields        | 4 |  4.3
Armour         | 4 |  4.1
Axes           | 3 4 |  4.0
Fighting       | 4 |  4.0
Dodging        | |  0.5
Stealth        | |  0.2
Invocations    | |  0.1

Action                   |  1- 3 |  4- 6 || total
-------------------------+-------+-------++-------
Melee: War axe           |    78 |    20 ||    98
       Headbutt          |     8 |     3 ||    11
  Use: Scroll            |       |    11 ||    11
Armor: Scale mail        |    33 |    11 ||    44
Dodge: Dodged            |    34 |    12 ||    46
Block: Buckler           |    16 |     6 ||    22

Table legend: (Time is in decaauts)
 A = Elapsed time spent in this place.
 B = Non-inter-level travel time spent in this place.
 C = Inter-level travel time spent in this place.
 D = Time resting spent in this place.
 E = Time spent auto-exploring this place.
 F = Levels seen in this place.
 G = Mean time per level.
                   A        B        C        D        E       F      G
               +--------+--------+--------+--------+--------+-----+--------+
         Total |   2488 |   2327 |    161 |      0 |   1976 |   4 |  622.0 |
       Dungeon |   2488 |   2327 |    161 |      0 |   1976 |   4 |  622.0 |
               +--------+--------+--------+--------+--------+-----+--------+

Top non-repeatable levels by time:
     D:3: 867 daAuts
     D:1: 860 daAuts
     D:2: 751 daAuts
     D:4: 8 daAuts
